 Dungeon Crawl Stone Soup version 0.28.0-1-gb440e238dd (webtiles) character file.

Game seed: 1603343363990897072

113 hikkokomori the Digger (level 4, -3/26 HPs)
             Began as a Gargoyle Earth Elementalist on Feb 26, 2022.
             Shot with an arrow by a centaur (8 damage)
             ... on level 3 of the Dungeon.
             The game lasted 00:04:15 (2982 turns).

hikkokomori the Digger (GrEE)                       Turns: 2982, Time: 00:04:20

Health: -3/26      AC:  5    Str: 11    XL:     4   Next: 96%
Magic:  7/8        EV: 11    Int: 18    God:
Gold:   85         SH:  0    Dex: 10    Spells: 2/8 levels left

rFire   . . .      SeeInvis .   d - +0 dagger
rCold   . . .      Faith    .   (no shield)
rNeg    + . .      Spirit   .   b - +0 robe
rPois   ∞          Reflect  .   (no helmet)
rElec   +          Harm     .   (no cloak)
rCorr   .          Rampage  .   (no gloves)
Will    .....                   (no boots)
Stlth   ++........              (no amulet)
HPRegen 0.08/turn               (no ring)
MPRegen 0.11/turn               (no ring)

@: no status effects
A: sickness immunity, AC +3, negative energy resistance 1, electricity
resistance, torment resistance 1, petrification resistance
a: no special abilities


You were on level 3 of the Dungeon.
You visited 1 branch of the dungeon, and saw 3 of its levels.

You collected 85 gold pieces.

Inventory:

Hand Weapons
 d - a +0 dagger (weapon)
Missiles
 c - 53 stones
 i - 6 atropa-tipped darts
 l - 9 poisoned darts
Armour
 b - a +0 robe (worn)
 o - an orb of energy
Wands
 n - a wand of iceblast (11)
Scrolls
 e - a scroll of teleportation {unknown}
 f - a scroll of silence {unknown}
 h - 3 scrolls of identify {unknown}
 j - a scroll of fog {unknown}
 q - a scroll of blinking {unknown}
Potions
 a - a potion of magic {unknown}
 g - 3 potions of haste {unknown}
 k - a potion of heal wounds {unknown}
 m - a potion of curing {unknown}
 p - a potion of flight {unknown}


   Skills:
 + Level 2.2 Fighting
 - Level 1.5 Dodging
 + Level 3.4 Stealth
 + Level 2.8 Spellcasting
 - Level 0.7 Transmutations
 + Level 4.5 Earth Magic


You had 2 spell levels left.
You knew the following spells:

 Your Spells              Type           Power      Damage    Failure   Level
a - Sandblast             Erth           36%        2d10      2%          1
b - Passwall              Tmut/Erth      10%        N/A       9%          2
c - Stone Arrow           Conj/Erth      20%        3d8       21%         3

Your spell library contained the following spells:

 Spells                   Type           Power      Damage    Failure   Level
 Petrify                  Tmut/Erth      12%        N/A       50%         4


Dungeon Overview and Level Annotations

Branches:
Dungeon (3/15)

Altars:
Ashenzari
Cheibriados
Yredelemnul


Innate Abilities, Weirdness & Mutations

You are immune to sickness and miasma.
Your stone body is resilient. (AC +3)
You are immune to poison.
You resist negative energy. (rN+)
You are resistant to electric shocks. (rElec)
You are resistant to unholy torment.
You are immune to petrification.


Message History

The ball python bites you but does no damage.
The ball python constricts you.
You hit the ball python.
The ball python is severely wounded.
The ball python barely misses you. The ball python constricts you.
You hit the ball python.
You kill the ball python!
No target in view!
No target in view!
No target in view!
No target in view!
No target in view!
No target in view!
No target in view!
Found a mace.
A centaur comes into view.
A centaur is nearby!
A centaur is nearby!
Memorise Passwall, consuming 2 spell levels and leaving 5?
You start memorising the spell.
You continue memorising. x2
You finish memorising.
Spell assigned to 'b'.
Unknown command.
This spell is quite dangerous to cast!
Memorise Stone Arrow, consuming 3 spell levels and leaving 2?
You start memorising the spell.
You continue memorising. x3
You finish memorising.
Spell assigned to 'c'.
The centaur shouts!
The centaur wields a +0 shortbow.
The centaur shoots an arrow.
The arrow hits you!
Ouch! That really hurt!
Casting: Sandblast (safe; 2% risk of failure)
Confirm with . or Enter, or press ? or * to list all spells.
Aiming: Sandblast (safe; 2% risk of failure)
Press: ? - help, Shift-Dir - straight line, f - centaur
Aim: a centaur, wielding a +0 shortbow and quivering arrows (87% to hit)
The blast of sand misses the centaur.
The centaur shoots an arrow.
The arrow hits you!
* * * LOW HITPOINT WARNING * * *
The centaur shoots an arrow.
The arrow hits you!
You die...

#.# #.# ..# ...
#.# #.# ..# #.#
.#.# ..#
.#######.#....#
...).......#
...(....##...#
..#####.# #.##
#.# .# #@# #
#.# #.# ..c #.#
#.# #.# #.#


You could see a centaur.

Vanquished Creatures
  An orc wizard (D:2)
  3 adders (D:2)
  A dart slug (D:2)
  5 orcs
  2 endoplasms
  2 giant cockroaches
  5 goblins
  4 hobgoblins
  3 jackals (D:2)
  A quokka (D:1)
  8 ball pythons
  6 bats
  A frilled lizard (D:2)
  6 kobolds
  5 rats
53 creatures vanquished.

Notes
Turn   | Place    | Note
-------+----------+-------------------------------------------
     0 | D:1      | hikkokomori the Gargoyle Earth Elementalist began the quest
                  | for the Orb.
     0 | D:1      | Reached XP level 1. HP: 10/10 MP: 3/3
   278 | D:1      | Reached XP level 2. HP: 16/16 MP: 5/5
   558 | D:1      | Found a faded altar of an unknown god.
  1070 | D:2      | Reached skill level 1 in Fighting
  1083 | D:2      | Reached skill level 4 in Earth Magic
  1083 | D:2      | Reached XP level 3. HP: 9/20 MP: 1/6
  1899 | D:2      | Reached XP level 4. HP: 21/26 MP: 5/8
  2552 | D:3      | Found a basalt altar of Yredelemnul.
  2558 | D:3      | Found a broken altar of Ashenzari.
  2868 | D:3      | Found a faded altar of an unknown god.
  2872 | D:3      | Found a snail-covered altar of Cheibriados.
  2969 | D:3      | Noticed a centaur
  2974 | D:3      | Learned a level 2 spell: Passwall
  2978 | D:3      | Learned a level 3 spell: Stone Arrow
  2982 | D:3      | Shot with an arrow by a centaur

Illustrated notes

Levels and vault maps discovered:
D:1:      saegor_arrival_simple_e, layout_loops_ring,
          shapermc_ecumenical_altar_ellora
D:2:      wander_river, layout_rooms
D:3:      layout_loops_ring, nicolae_overflow_hidden_temple,
          nicolae_overflow_ecumenical_swirl, grunt_gozag_statues

Skill      XL: |  1  2  3 |
---------------+----------+-----
Fighting       | 1 2 |  2.2
Earth Magic    | 4 |  4.5
Stealth        | 3 |  3.4
Dodging        | |  1.5
Spellcasting   | |  2.8
Transmutations | |  0.7

Action                   |  1- 3 |  4- 6 || total
-------------------------+-------+-------++-------
Melee: Dagger            |   124 |    69 ||   193
       Punch             |     3 |       ||     3
 Cast: Sandblast         |    20 |    13 ||    33
 Stab: Sleeping          |     3 |     2 ||     5
Armor: Robe              |    72 |    31 ||   103
Dodge: Dodged            |   109 |    39 ||   148
